AoeStats
← I QUIT FOR THE SICK MAP

Fortress

507463432Analyzed
4v4 RM · 14d ago on Sep 18, 2026· 78m 43s· 8 players
Game mode
Random Map
Map size
Huge
Population
200
Speed
Normal
Resources
Standard
Victory
Conquest
Starting age
Dark Age
Ending age
Imperial Age
RankedLock teamsTeams togetherTeam positionsShared explorationLock speedFull tech treeHidden civsTurbo modeCheats
Victory
Defeat
🇨🇳 Wei · China
773
+10
🇮🇹 Japanese · Italy
728
+12
🇳🇱 Hindustanis · Netherlands
705
+12
🇹🇷 Khmer · Türkiye
674
+14
🇵🇰 Persians · Pakistan
583
-10
🇫🇷 Bohemians · France
580
-10
🇨🇳 Khmer · China
577
-10
nel
6:33 Feudal Age
7:36 Double-Bit Axe
8:35 Horse Collar
10:58 Loom
13:43 Castle Age
11:42 Gold Mining
11:52 Stone Mining
15:17 Wheelbarrow
15:07 Heavy Plow
16:45 Hand Cart
20:25 Bow Saw
20:26 Caravan
21:29 Bloodlines
22:49 Husbandry
23:15 Murder Holes
24:38 Fortified Wall
26:19 Scale Barding Armor
27:06 Grand Trunk Road
28:23 Town Watch
30:31 Gold Shaft Mining
29:51 Elite Skirmisher
33:54 Imperial Age
32:33 Forging
34:24 Chain Barding Armor
33:56 Heavy Camel Rider
35:56 Two-Man Saw
37:13 Plate Barding Armor
37:02 Conscription
38:09 Iron Casting
38:21 Stone Shaft Mining
38:54 Scale Mail Armor
38:57 Squires
39:14 Fletching
39:22 Imperial Camel Rider
41:50 Siege Engineers
42:47 Blast Furnace
43:26 Chain Mail Armor
43:14 Elite Ghulam
48:27 Padded Archer Armor
49:23 Bodkin Arrow
51:39 Leather Archer Armor
51:25 Bracer
54:55 Siege Elephant
55:59 Shatagni
62:31 Chemistry
71:18 Ballistics
71:31 Ring Archer Armor
70:38 Man-at-Arms
71:04 Arson
Fede_MvK
1:05 Loom
9:45 Feudal Age
10:38 Double-Bit Axe
10:33 Horse Collar
12:30 Wheelbarrow
16:36 Castle Age
14:38 Stone Mining
18:10 Heavy Plow
18:24 Bow Saw
22:57 Scale Mail Armor
23:07 Forging
28:15 Imperial Age
26:00 Fortified Wall
27:11 Caravan
27:51 Iron Casting
27:31 Chain Mail Armor
29:16 Elite Samurai
30:17 Conscription
30:10 Gold Mining
29:52 Pikeman
31:23 Halberdier
32:03 Squires
33:30 Plate Mail Armor
37:17 Kataparuto
44:08 Chemistry
43:20 Masonry
44:54 Hoardings
45:26 Blast Furnace
44:16 Fletching
44:27 Padded Archer Armor
46:08 Arson
48:35 Hand Cart
70:30 Gambesons
72:59 Bodkin Arrow
73:19 Leather Archer Armor
74:11 Heavy Scorpion
EmreKGvar
3:05 Loom
8:10 Feudal Age
9:53 Double-Bit Axe
9:50 Horse Collar
11:56 Gold Mining
16:10 Castle Age
17:25 Bow Saw
17:18 Heavy Plow
20:56 Stone Mining
21:46 Gold Shaft Mining
24:21 Stone Shaft Mining
28:32 Scale Barding Armor
31:08 Imperial Age
29:01 Husbandry
29:13 Bloodlines
31:26 Elite Battle Elephant
32:46 Crop Rotation
33:35 Chemistry
37:17 Conscription
36:19 Elite Ballista Elephant
38:07 Masonry
38:12 Fortified Wall
39:06 Caravan
41:52 Chain Barding Armor
50:10 Tusk Swords
50:16 Double Crossbow
63:31 Heavy Scorpion
I QUIT FOR THE SICK MAP
8:27 Feudal Age
12:06 Castle Age
10:24 Double-Bit Axe
10:23 Horse Collar
12:15 Wheelbarrow
13:38 Bow Saw
14:39 Heavy Plow
baptiste.olivier.59
0:45 Loom
8:37 Feudal Age
10:27 Wheelbarrow
10:16 Horse Collar
14:28 Double-Bit Axe
14:54 Scale Mail Armor
14:54 Padded Archer Armor
15:01 Scale Barding Armor
15:07 Forging
18:16 Castle Age
16:50 Arson
18:28 Fletching
19:16 Squires
19:36 Hand Cart
19:38 Bow Saw
18:56 Pikeman
20:44 Heavy Plow
22:03 Iron Casting
27:44 Chemistry
27:08 Murder Holes
27:39 Fortified Wall
28:32 Chain Mail Armor
31:21 Coinage
34:21 Imperial Age
33:13 Crossbowman
33:13 Elite Skirmisher
35:23 Chain Barding Armor
35:20 Leather Archer Armor
35:00 Bodkin Arrow
35:41 Plate Mail Armor
36:11 Blast Furnace
35:42 Elite Hussite Wagon
38:02 Halberdier
38:58 Cavalier
39:38 Husbandry
爱蜜莉娅天使来到我身边
9:02 Feudal Age
10:25 Double-Bit Axe
10:39 Loom
13:54 Castle Age
12:07 Horse Collar
13:10 Scale Mail Armor
14:21 Town Watch
14:27 Gambesons
15:01 Chain Mail Armor
14:57 Forging
26:44 Heavy Plow
26:58 Bow Saw
32:52 Wheelbarrow
37:16 Imperial Age
35:17 Hand Cart
39:21 Crop Rotation
39:17 Arson
38:56 Capped Ram
39:42 Squires
39:40 Gold Mining
39:40 Stone Mining
41:19 Gold Shaft Mining
41:10 Conscription
40:52 Bagains
41:31 Plate Mail Armor
41:37 Iron Casting
43:46 Blast Furnace
42:30 Pikeman
42:40 Pikeman
43:19 Fletching
43:47 Bodkin Arrow
44:00 Scale Barding Armor
43:26 Halberdier
45:16 Siege Ram
48:46 Heavy Scorpion
52:50 Onager
55:09 Siege Onager
58:20 Chemistry
57:17 Murder Holes
58:56 Town Patrol
59:11 Siege Engineers
59:31 Ballistics
67:27 Elite Konnik
68:03 Stirrups
73:46 Masonry
羊驼驼咩
3:02 Loom
8:03 Feudal Age
9:27 Wheelbarrow
8:43 Double-Bit Axe
9:17 Horse Collar
14:59 Castle Age
15:57 Hand Cart
15:54 Bow Saw
15:47 Heavy Plow
22:41 Imperial Age
20:46 Stone Mining
26:02 Crop Rotation
29:44 Gold Mining
30:48 Town Watch
32:40 Double Crossbow
33:16 Hoardings
33:11 Caravan
33:44 Conscription
35:36 Town Patrol
38:12 Tusk Swords
37:33 Elite Ballista Elephant
40:39 Chemistry
40:00 Ballistics
39:51 Masonry
39:34 Fletching
39:45 Padded Archer Armor
39:51 Scale Barding Armor
39:47 Scale Mail Armor
39:57 Forging
39:57 Scale Barding Armor
41:54 Leather Archer Armor
41:34 Bodkin Arrow
41:48 Siege Engineers
41:38 Murder Holes
41:54 Fortified Wall
43:55 Gold Shaft Mining
44:21 Ring Archer Armor
43:52 Bracer
44:50 Architecture
45:29 Stone Shaft Mining
45:36 Forging
45:48 Chain Barding Armor
45:28 Scale Mail Armor
49:34 Iron Casting
49:15 Chain Mail Armor
49:36 Plate Barding Armor
49:05 Heavy Scorpion
51:28 Blast Furnace
53:17 Guard Tower
65:50 Arson
65:25 Pikeman
67:38 Keep
66:53 Heated Shot
adilproya65
0:39 Loom
10:42 Feudal Age
11:08 Double-Bit Axe
11:05 Horse Collar
11:17 Stone Mining
11:23 Gold Mining
17:55 Castle Age
18:47 Heavy Plow
18:59 Bow Saw
20:06 Caravan
20:36 Coinage
26:46 Town Watch
28:41 Coinage
32:00 Imperial Age
31:37 Wheelbarrow
31:06 Town Patrol
32:02 Kamandaran
33:25 Hoardings
34:26 Forging
34:16 Scale Mail Armor
34:21 Scale Barding Armor
34:07 Fletching
34:17 Padded Archer Armor
33:44 Elite War Elephant
33:55 Sappers
34:45 Conscription
34:36 Citadels
37:06 Gold Shaft Mining
37:34 Two-Man Saw
37:09 Crop Rotation
37:27 Stone Shaft Mining
38:51 Pikeman
39:17 Arson
39:32 Squires
Connection lost

Rejoining the realm…

Still unreachable

The connection could not be restored.

Session expired

The server has moved on; the page needs a fresh start.